 Dungeon Crawl Stone Soup version 0.28.0-49-g6dfe1f597d (webtiles) character file.

Game seed: 16262569580299240957

16 Zeld the Insei (level 2, -1/18 HPs)
             Began as an Octopode Transmuter on May 11, 2022.
             Slain by a kobold
             ... wielding a +0 dagger
              (3 damage)
             ... on level 2 of the Dungeon.
             The game lasted 00:01:17 (1831 turns).

Zeld the Insei (Octopode Transmuter)                Turns: 1831, Time: 00:01:17

Health: -1/18      AC:  1    Str:  9    XL:     2   Next: 54%
Magic:  4/5        EV: 13    Int: 15    God:
Gold:   48         SH:  0    Dex: 12    Spells: 2/5 levels left

rFire   . . .      SeeInvis .     - Unarmed
rCold   . . .      Faith    .   (no shield)
rNeg    . . .      Spirit   .   (helmet currently unavailable)
rPois   +          Reflect  .   (no amulet)
rElec   .          Harm     .   d - ring of poison resistance
rCorr   .          Rampage  .   (no ring)
Will    .....                   (no ring)
Stlth   +++.......              (no ring)
HPRegen 0.06/turn               (no ring)
MPRegen 0.09/turn               (no ring)
                                (no ring)
                                (no ring)

@: appendages
A: tentacle spike 3, almost no armour, amphibious, 8 rings, camouflage 1,
gelatinous body 1, (nimble swimmer 1), tentacles
a: End Transformation


You were on level 2 of the Dungeon.
One of your tentacles had grown a beastly spike.
You visited 1 branch of the dungeon, and saw 2 of its levels.

You collected 48 gold pieces.

Inventory:

Jewellery
 d - a ring of poison resistance (left tentacle)
Scrolls
 a - a scroll of amnesia {unknown}
 e - a scroll of identify {unknown}
Potions
 b - 2 potions of attraction {unknown}
 c - a potion of might {unknown}


   Skills:
 * Level 1.3 Fighting
 + Level 2.1 Dodging
 + Level 1.0 Stealth
 - Level 3.0 Unarmed Combat
 * Level 2.1 Spellcasting
 * Level 2.2 Transmutations
 + Level 0.4 Ice Magic
 + Level 0.4 Poison Magic


You had 2 spell levels left.
You knew the following spells:

 Your Spells              Type           Power      Damage    Failure   Level
a - Beastly Appendage     Tmut           16%        N/A       9%          1
b - Wereblood             Tmut           8%         N/A       14%         2

Your spell library contained the following spells:

 Spells                   Type           Power      Damage    Failure   Level
 Spider Form              Tmut/Pois      5%         N/A       36%         3
 Ice Form                 Ice/Tmut       5%         N/A       77%         4


Dungeon Overview and Level Annotations

Branches:
Dungeon (2/15)

Altars:

Shops:
D:1 *


Innate Abilities, Weirdness & Mutations

One of your tentacles has grown a beastly spike.
You cannot wear most types of armour.
You are amphibious.
You can wear up to eight rings at the same time.
Your skin changes colour to match your surroundings (Stealth+).
Your rubbery body absorbs attacks. (AC +1, EV +1)
((You are camouflaged when in or above water. (Stealth+)))
You have tentacles for arms and can constrict up to eight enemies at once.


Message History

No target in view!
You see here a jackal corpse.
Your tentacle spike disappears.
You now have 48 gold pieces (gained 3).
There is an escape hatch in the floor here.
Found 22 stones.
No target in view!
A kobold comes into view. It is wielding a +0 dagger.
Found a stone staircase leading up.
A kobold and a bat come into view.
You see here 22 stones.
There are monsters nearby!
There are monsters nearby!
There are monsters nearby!
Casting: Beastly Appendage (safe; 9% risk of failure)
Confirm with . or Enter, or press ? or * to list all spells.
One of your tentacles grows a vicious spike.
The kobold shouts!
The bat closely misses you.
You tentacle-slap the kobold but do no damage.
Your grab misses the kobold. Your squeeze misses the kobold.
The bat misses you. The kobold hits you with a +0 dagger.
The kobold hits you with a +0 short sword.
You tentacle-slap the bat.
You kill the bat!
The kobold hits you with a +0 dagger. The kobold closely misses you.
Your Stealth skill increases to level 1!
You are too injured to fight recklessly!
Found 13 bolts.
The kobold hits you with a +0 dagger. The kobold barely misses you.
You see here a bat corpse.
You are too injured to fight recklessly!
The kobold closely misses you.
The kobold hits you with a +0 short sword.
* * * LOW HITPOINT WARNING * * *
You are too injured to fight recklessly!
You are too injured to fight recklessly!
You closely miss the kobold. Your grab misses the kobold.
The kobold hits you with a +0 dagger.
You die...

#.# #.####.#### #.#
#.# #.# #.# #.####.#
##########.###......#
.........#.........##
.........#..######.#
.........#..# #<#
........K#..#### #.#
.......@†(.....# #.#
.(......K...##.# #.#
.............# .....
.....<......## ##.#
.........#.... ..#
..########.#### ### #
#.# +#


You could see 2 kobolds.

Vanquished Creatures
  An endoplasm (D:1)
  A giant cockroach (D:2)
  A hobgoblin (D:1)
  2 jackals (D:2)
  A quokka (D:1)
  A ball python (D:1)
  6 bats
  A frilled lizard (D:1)
  A rat (D:1)
15 creatures vanquished.

Notes
Turn   | Place    | Note
-------+----------+-------------------------------------------
     0 | D:1      | Zeld the Octopode Transmuter began the quest for the Orb.
     0 | D:1      | Reached XP level 1. HP: 13/13 MP: 3/3
  1026 | D:1      | Reached XP level 2. HP: 16/18 MP: 1/5
  1221 | D:1      | Found Toh Tyst's General Store.
  1627 | D:1      | Learned a level 2 spell: Wereblood
  1829 | D:2      | Reached skill level 1 in Stealth
  1831 | D:2      | Slain by a kobold

Illustrated notes

Levels and vault maps discovered:
D:1:      heliophobic_arrival_battle_scene, layout_basic, serial_shops,
          nicolae_shop_crystal, serial_aquarium, aquarium_bridge_long_separate
          [aquarium_subvault_window, aquarium_subvault_window,
          aquarium_subvault_bridge, aquarium_subvault_wall,
          aquarium_subvault_wall, aquarium_subvault_bridge],
          aquarium_bridge_square [aquarium_subvault_bridge,
          aquarium_subvault_balcony, aquarium_subvault_wall,
          aquarium_subvault_bridge], aquarium_window_1, aquarium_window_2,
          aquarium_window_3, aquarium_view_2b, aquarium_balcony_5b,
          aquarium_pool_S, minmay_misc_feat_alley
D:2:      layout_loops_corners, basic_altar,
          shapermc_ecumenical_altar_acropolis, uniq_terence

Skill      XL: |  1  2 |
---------------+-------+-----
Stealth        | 1 |  1.0
Fighting       | |  1.3
Dodging        | |  2.1
Unarmed Combat | |  3.0
Spellcasting   | |  2.1
Transmutations | |  2.2
Ice Magic      | |  0.4
Poison Magic   | |  0.4

Action                   || total
-------------------------++-------
Melee: Unarmed           ||    37
       Constrict         ||    11
       Kick              ||     8
       Tentacles         ||     5
       Punch             ||     1
 Cast: Beastly Appendage ||    13
 Stab: Sleeping          ||     5
Armor: Skin              ||     6
Dodge: Dodged            ||    40
